 Dungeon Crawl Stone Soup version 0.18-a0-1155-g296dcbc (webtiles) character file.

237 RedPan the Conjurer (level 5, -4/38 HPs)
             Began as a Draconian Conjurer on Jan 23, 2016.
             Slain by an orc
             ... wielding a +0 flail
              (5 damage)
             ... on level 3 of the Dungeon.
             The game lasted 00:06:13 (1521 turns).

RedPan the Conjurer (Draconian Conjurer)            Turns: 1521, Time: 00:06:13

Health: -4/38      AC:  6    Str: 15    XL:     5   Next: 77%
Magic:  11/11      EV: 12    Int: 16    God:
Gold:   85         SH:  0    Dex: 12    Spells: 1 memorised, 12 levels left

rFire  . . .     SeeInvis .     f - +1 short sword
rCold  . . .     Gourm    .     (armour unavailable)
rNeg   . . .     Faith    .     (no shield)
rPois  .         Spirit   .     (helmet restricted)
rElec  .         Dismiss  .     (no cloak)
rCorr  .         Reflect  .     (no gloves)
SustAt .         Harm     .     g - +0 pair of boots
MR     .....     Rnd*Tele +     (no amulet)
Stlth  ++........               (no ring)
                                i - ring of teleportation (curse)

@: mighty, not resistant to hostile enchantments, unstealthy
A: unfitting armour, cold-blooded, AC +5
a: no special abilities


You were on level 3 of the Dungeon.
You were not hungry.

You visited 1 branch of the dungeon, and saw 3 of its levels.

You collected 85 gold pieces.

Inventory:

Hand Weapons
 f - a +1 short sword (weapon)
Armour
 g - a +0 pair of boots (worn)
Jewellery
 i - a cursed ring of teleportation (left hand)
Books
 a - a book of Conjurations

   Spells                             Type                      Level
   a - Magic Dart                     Conjuration                  1
   b - Searing Ray                    Conjuration                  2
   c - Dazzling Spray                 Conjuration/Hexes            3
   d - Fulminant Prism                Conjuration/Hexes            4
   e - Iskenderun's Mystic Blast      Conjuration                  4
   f - Iskenderun's Battlesphere      Conjuration/Charms           5
Comestibles
 b - 2 bread rations
 k - 2 chunks of flesh


   Skills:
 - Level 1.7 Dodging
 - Level 1.7 Stealth
 * Level 4.6 Spellcasting
 + Level 5.3 Conjurations


You had 12 spell levels left.
You knew the following spells:

 Your Spells              Type           Power        Failure   Level  Hunger
a - Magic Dart            Conj           ###.         1%          1    None


Dungeon Overview and Level Annotations

Branches:
Dungeon (3/15)

Altars:


Innate Abilities, Weirdness & Mutations

Your plain brown scales are hard (AC +5).
Your body does not fit into most forms of armour.
You are cold-blooded and may be slowed by cold attacks.


Message History

* * * LOW HITPOINT WARNING * * *
You puncture the orc!
You kill the orc!
You hear some strange, mumbled words.
A puff of flame appears from out of thin air!
The puff of flame hits you!
You puncture the gnoll!
The gnoll is heavily wounded.
Something hits you but does no damage. The gnoll hits you but does no damage.
Something hits you but does no damage.
You puncture the gnoll!
You kill the gnoll!
Something hits you.
* * * LOW HITPOINT WARNING * * *
Something hits you.
* * * LOW HITPOINT WARNING * * *
Drink which item? (? for menu, Esc to quit)
You feel mightier all of a sudden. The orc hits you with a flail.
You die...

### ##.# #### #@{#
#.?# #o## #..## #o#
##..### #.# #.###
.....
#######.$..#####.#
#.... #....
.............O...#
.g.. ....
########.#.........#
#...#... ..#
##.#######.....#....!.
..# ..... ....o.......


You could see 2 orcs.

Vanquished Creatures
  An ogre (D:3)
  An orc priest (D:3)
  Ijyb (D:2)
  An adder (D:2)
  3 gnolls (D:3)
  A worm (D:2)
  The ghost of FIQ the Ruffian, a weakling HOMo (D:3)
  3 giant geckos (D:1)
  3 orcs (D:3)
  3 bats
  2 giant cockroaches (D:1)
  4 hobgoblins
  2 quokkas
  5 giant newts
  8 goblins
  6 kobolds
  8 rats
53 creatures vanquished.

Notes
Turn   | Place    | Note
--------------------------------------------------------------
     0 | D:1      | RedPan the Draconian Conjurer began the quest for the Orb.
     0 | D:1      | Reached XP level 1. HP: 14/14 MP: 3/3
   156 | D:1      | Reached XP level 2. HP: 14/20 MP: 0/5
   223 | D:1      | You fall through a shaft!
   223 | D:2      | Noticed Ijyb
   858 | D:2      | Reached XP level 3. HP: 20/26 MP: 7/7
  1112 | D:2      | Killed Ijyb
  1112 | D:2      | Reached XP level 4. HP: 33/33 MP: 3/9
  1433 | D:3      | Noticed an ogre
  1473 | D:3      | Noticed FIQ's ghost (weakling HOMo)
  1496 | D:3      | Killed FIQ's ghost
  1500 | D:3      | Killed an ogre
  1500 | D:3      | Reached skill level 5 in Conjurations
  1500 | D:3      | Reached XP level 5. HP: 23/38 MP: 9/11
  1520 | D:3      | HP: 1/38 [something (1)]
  1521 | D:3      | Slain by an orc

Vault maps used:
D:1:      dpeg_arrival_more_subterranean_lakeside_camping
D:2:      uniq_iyjb
D:3:      nicolae_ru_awakened_eye

Action                   |  1- 3 |  4- 6 || total
-------------------------+-------+-------++-------
Melee: Short sword       |    67 |    36 ||   103
 Cast: Magic Dart        |    37 |    17 ||    54
  Use: Potion            |       |     6 ||     6
       Scroll            |       |     2 ||     2
 Stab: Sleeping          |     4 |       ||     4
  Eat: Chunk             |     1 |     1 ||     2
